 Dungeon Crawl Stone Soup version 0.29.0-13-gc9e81de378 (webtiles) character file.

Game seed: 9822008846813621221

5 NinjaNoafa the Chiller (level 1, -1/14 HPs)
             Began as a Ghoul Ice Elementalist on Sept 9, 2022.
             Slain by a jackal (2 damage)
             ... on level 1 of the Dungeon.
             The game lasted 00:00:42 (207 turns).

NinjaNoafa the Chiller (Ghoul Ice Elementalist)      Turns: 207, Time: 00:00:43

Health: -1/14      AC:  2    Str: 11    XL:     1   Next: 80%
Magic:  1/2        EV: 12    Int: 10    God:
Gold:   37         SH:  0    Dex:  9    Spells: 3/4 levels left

rFire   . . .      SeeInvis .   c - +0 dagger
rCold   + . .      Faith    .   (no shield)
rNeg    + + +      Spirit   .   a - +0 robe
rPois   ∞          Reflect  .   (no helmet)
rElec   .          Harm     .   (no cloak)
rCorr   .          Rampage  .   (no gloves)
Will    .....                   (no boots)
Stlth   ++........              (no amulet)
HPRegen 0.00/turn               (no ring)
MPRegen 0.08/turn               (no ring)

@: inhibited regen
A: claws 1, cold resistance 1, negative energy resistance 3, inhibited
regeneration, torment resistance 2, devour on kill
a: no special abilities


You were on level 1 of the Dungeon.
You visited 1 branch of the dungeon, and saw 2 of its levels.

You collected 37 gold pieces.

Inventory:

Hand Weapons
 c - a +0 dagger (weapon)
Missiles
 d - 4 poisoned darts
Armour
 a - a +0 robe (worn)
Potions
 b - a potion of magic


   Skills:
 - Level 1.7 Dodging
 - Level 2.1 Stealth
 + Level 2.0 Spellcasting
 + Level 4.5 Ice Magic


You had 3 spell levels left.
You knew the following spells:

 Your Spells              Type           Power      Damage    Failure   Level
a - Freeze                Ice            40%        1d6       4%          1

Your spell library contained the following spells:

 Spells                   Type           Power      Damage    Failure   Level
 Frozen Ramparts          Ice            20%        1d4       14%         3
 Ozocubu's Armour         Ice            10%        N/A       14%         3
 Hailstorm                Conj/Ice       5%         3d4       77%         4
 Metabolic Englaciation   Hex/Ice        2%         N/A       98%         5
 Simulacrum               Ice/Necr       2%         N/A       100%        6


Dungeon Overview and Level Annotations

Branches:
Dungeon (2/15)

Altars:


Innate Abilities, Weirdness & Mutations

You are immune to poison.
You have sharp fingernails.
Your flesh is cold resistant. (rC+)
You are immune to negative energy. (rN+++)
You do not regenerate when monsters are visible.
You are immune to unholy pain and torment.
You thrive by killing the living.


Message History

You completely miss the jackal.
The jackal is moderately wounded.
The jackal closely misses you.
You hit the jackal but do no damage.
The jackal is moderately wounded.
The jackal bites you but does no damage. x2
You barely miss the jackal.
The jackal is moderately wounded.
The jackal barely misses you.
You hit the jackal but do no damage.
The jackal is moderately wounded.
The jackal bites you.
* * * LOW HITPOINT WARNING * * *
The jackal bites you but does no damage.
You barely miss the jackal.
The jackal is moderately wounded.
The jackal closely misses you.
Aiming: Freeze (safe; 4% risk of failure)
Press: ? - help, Q - select action, (/) - cycle Shift-Dir - straight line, f - jackal
Aim: a jackal (moderately wounded)
You freeze the jackal.
You kill the jackal!
You feel better.
Your Spellcasting skill increases to level 2!
Magic restored.
A worm comes into view.
You climb upwards.
The jackal closely misses you. The hobgoblin closely misses you.
The jackal bites you.
* * * LOW HITPOINT WARNING * * *
The hobgoblin barely misses you.
There is a stone staircase leading down here.
Aiming: Freeze (safe; 4% risk of failure)
Press: ? - help, Q - select action, (/) - cycle Shift-Dir - straight line, f - hobgoblin
Aim: a hobgoblin You freeze the hobgoblin.
You kill the hobgoblin!
The jackal bites you.
* * * LOW HITPOINT WARNING * * *
The jackal bites you.
You die...

#.###.#........####.####
#.# ###.#...#...........
#.# #.#..............#
#.# #.#..###.####.#.##
#.# #.#..#.#.####..##
#.#####.#...#.......##
#..........###.......#
###.###.....#..######.#
#.#.[@......## #.#
#.#...h....... #.
#.#............. .
#.##....###.#..#
#.##....# .#..##
#.##.#.## ....#
#.#.....## #...#
#.....#..# #...#
###......####.>.###.#


You could see a jackal.

Vanquished Creatures
  A goblin (D:1)
  A hobgoblin (D:1)
  3 jackals
5 creatures vanquished.

Notes
Turn   | Place    | Note
-------+----------+-------------------------------------------
     0 | D:1      | NinjaNoafa the Ghoul Ice Elementalist began the quest for
                  | the Orb.
     0 | D:1      | Reached XP level 1. HP: 14/14 MP: 2/2
   207 | D:1      | Slain by a jackal

Illustrated notes

Levels and vault maps discovered:
D:1:      minmay_arrival_stone_box, layout_loops_ring, nicolae_grassy_gnolls
D:2:      layout_rooms, hellmonk_ecumenical_altar_crossroads, minivault_23

Skill      XL: |  1 |
---------------+----+-----
Spellcasting   | 2 |  2.0
Dodging        | |  1.7
Stealth        | |  2.1
Ice Magic      | |  4.5

Action                   || total
-------------------------++-------
Melee: Dagger            ||     6
 Cast: Freeze            ||     7
Armor: Robe              ||     6
Dodge: Dodged            ||    16
